Zazza, neutral female human Tourist ----- $ $ $ $ |...| ---------------- |...-# |...............######## $ |...|# |....<.........| # $ |...|# #...............| ### ### --.--# --|-----------|- ---.------------ $ $ # # ######### # |..............| # # ### ##.............>.| ------ # ### # |..............-### |....| # ### ####.d.............| # |....| # # ### ####---------------- ### |....| ## ########[#######Y###)#### # |....| #------.- #----.-------#### ###|.@..| #|(......#### #|..........|## #-....| #|@.....| #|...........## ------ #-.......#######|..........| $ $ -------- ------------ $ $ Zazza the Peregrinatrix Experience level: 10 Strength: 15 Dexterity: 14 Constitution: 18 Intelligence: 18 Wisdom: 10 Charisma: 13 Health: 86(95) Energy: 38(38) Def: 11 Gold: 0 Moves: 18075 Dungeon seed: BSsFhF0y9xowy-oF Game ID: Zazza_1575063228 Your Inventory: Weapons a - 23 +2 darts d - a blessed +3 elven dagger (weapon in hand) g - 5 blessed +1 daggers N - 5 +0 elven daggers (alternate weapon; not wielded) T - 15 +0 darts Armor e - an uncursed +3 alchemy smock (being worn) n - a blessed thoroughly rusty +1 orcish helm (being worn) q - an uncursed +0 pair of jumping boots (being worn) r - an uncursed +0 Hawaiian shirt (being worn) y - an uncursed +0 elven mithril-coat (being worn) Comestibles P - an uncursed raven corpse Potions O - an uncursed potion of object detection Rings R - an uncursed ring of stealth S - an uncursed ring of protection from shape changers Z - an uncursed ring of levitation Wands f - a wand of magic missile (0:5) j - a blessed wand of make invisible (0:3) Tools k - an uncursed skeleton key p - a bag of tricks (0:11) v - a magic marker (0:76) K - a horn of plenty (0:15) Gems z - an uncursed jet stone Spells and supernatural/magical abilities: Name Level Category Fail Memory p - protection 1 clerical 100% 98% z - sleep 1 enchantment 100% 98% W - pray for help -- divine ? -- Y - supernatural jump -- ability ? -- Your skills at the end: Fighting Skills Weapon Skills dagger [Expert] dart [Skilled] Spellcasting Skills Final Attributes: You were piously aligned. You were poison resistant. You were acid resistant. You were blinded. You saw invisible. You were telepathic. You had automatic searching. You could jump. You were unlucky. The Lady was angry with you. You are dead. Vanquished creatures: 2 small mimics a large dog a dwarf king 2 tengu a wraith an ettin zombie a leather golem a chameleon 2 crocodiles a giant beetle 3 quivering blobs a cockatrice 9 wolves a lynx a panther 24 leprechauns an iron piercer a giant spider an ice vortex 2 vampire bats a forest centaur 2 gnome kings an orc mummy an ogre 5 brown puddings 2 rust monsters a yeti 4 Green-elves 7 lizards a chickatrice 2 housecats 2 dwarf lords a blue jelly 3 dust vortices 3 ravens an ape a rope golem 5 Woodland-elves a soldier ant 2 imps a quasit a water nymph 4 mountain nymphs 4 Mordor orcs 4 Uruk-hai 2 orc shamans 3 rock piercers 2 rock moles a pony 2 fog clouds 6 yellow lights 6 shriekers 3 violet fungi 7 gnome lords 6 gnomish wizards 4 kobold mummies a black naga hatchling a golden naga hatchling 2 guardian naga hatchlings a barrow wight an elf zombie 6 straw golems a paper golem 17 giant ants 6 floating eyes 7 dwarves a homunculus 2 kobold lords 4 kobold shamans 10 hill orcs 13 rothes a rabid rat a centipede 2 giant bats a monkey 2 orc zombies 4 dwarf zombies 2 wererats 2 werejackals 5 iguanas 10 killer bees 2 acid blobs a gas spore 5 hobbits 6 giant rats a brown mold 5 yellow molds a green mold a red mold 30 gnomes 6 garter snakes 3 gnome zombies 5 geckos 18 jackals a fox a kobold 7 goblins 10 sewer rats 7 grid bugs a bat 8 lichens 2 kobold zombies 12 newts 395 creatures vanquished. Voluntary challenges: You had followed a strict vegan diet until turn 2045. You had followed a strict vegetarian diet until turn 2045. You had been an atheist until turn 2035. You used a wielded weapon 747 times, starting on turn 142. You read items or engraved 42 times, starting on turn 76. You never genocided any monsters. You never polymorphed an object. You never changed form. You used no wishes. You split 3 puddings, starting on turn 16279. You wrote Elbereth's name 23 times, starting on turn 800. You violated your moral code, losing 20 points of alignment, starting on turn 13569. Dungeon overview: The Dungeons of Doom: levels 1 to 9 Level 1 a long staircase Level 2 Level 3 a potion shop, a fountain Level 4 some fountains, a sink stairs to The Gnomish Mines Level 5 Level 6 Level 7 <- You were here a potion shop, an altar to The Lady Level 8 many fountains Level 9 a general store stairs to Sokoban The Gnomish Mines: levels 5 to 7 Level 5 stairs to The Dungeons of Doom Level 6 Level 7 many shops, a temple to The Lady, some fountains Sokoban: levels 7 to 8 Level 7 Level 8 stairs to The Dungeons of Doom History has recorded: On T:1 you entered the Dungeons of Doom to retrieve the Amulet of Yendor! On T:394 you reached level 2 of The Dungeons of Doom. On T:798 you reached level 3 of The Dungeons of Doom. On T:1260 you reached level 4 of The Dungeons of Doom. On T:1858 you reached level 5 of The Dungeons of Doom. On T:2008 you advanced to experience level 2. On T:2111 you advanced to experience level 3. On T:2211 you reached level 6 of The Dungeons of Doom. On T:3071 you advanced to experience level 4. On T:3306 you advanced to experience level 5. On T:4438 you reached level 7 of The Dungeons of Doom. On T:5872 you reached level 8 of The Dungeons of Doom. On T:5952 you advanced to experience level 6. On T:6441 you reached level 9 of The Dungeons of Doom. On T:7827 you reached level 1 of The Gnomish Mines. On T:7892 you reached level 2 of The Gnomish Mines. On T:8050 you advanced to experience level 7. On T:11483 you reached level 3 of The Gnomish Mines. On T:11623 you advanced to experience level 8. On T:13887 you reached level 4 of Sokoban. On T:14297 you reached level 3 of Sokoban. On T:16224 you advanced to experience level 9. On T:17823 you advanced to experience level 10. Score breakdown: Gold: 0 ( 0 points) Experience: 10 levels (16712 points) Exploration: 9 levels ( 16.98%) (11766 points) Discoveries: 70 items ( 23.49%) (14539 points) Valuables value: (no points given unless you survive) Artifact value: 0 ( 0 points) Variety of kills: 103 monsters ( 27.03%) (15598 points) Turncount: 18075 turns (-3253 points) Survival: died (score multiplied by 80%) Total score: 44289 Latest messages: You start equipping yourself. You stop changing your equipment. You continue equipping yourself. You are now wearing a pair of jumping boots. Your legs feel longer. The raven bites! The raven blinds you! You hit the raven. The raven bites! (2x) You hit the raven. The raven misses. The raven bites! The raven misses. You kill the raven! You try to feel what is lying here on the floor. You feel here a raven corpse. P - a raven corpse. You try to feel what is here. There is an altar to The Lady (neutral) here. You feel here a cockatrice corpse. Touching the cockatrice corpse is a fatal mistake... You turn to stone... Final status: Aloha Zazza the Tourist, petrified by feeling around for a cockatrice corpse... You turned to stone in The Dungeons of Doom on dungeon level 7 with 44289 points, and 0 pieces of gold, after 18075 moves. You were level 10 with a maximum of 95 hit points when you turned to stone.